AoeStats
← Namely

Black Forest

509791804Analyzed
3v3 RM · 5d ago on Sep 28, 2026· 25m 34s· 6 players
Game mode
Random Map
Map size
Normal (6 player)
Population
200
Speed
Normal
Resources
Standard
Victory
Conquest
Starting age
Dark Age
Ending age
Imperial Age
RankedLock teamsTeams togetherTeam positionsShared explorationLock speedFull tech treeHidden civsTurbo modeCheats
Victory
Defeat
🇦🇷 Jurchens · Argentina
1047
+12
🇦🇷 Dravidians · Argentina
968
+16
🇦🇷 Persians · Argentina
916
+19
🇬🇧 Vikings · United Kingdom
991
-17
🇺🇸 Khmer · United States
969
-16
🇺🇸 Spanish · United States
923
-14
Arquitecto3870
0:27 Loom
14:11 Feudal Age
14:39 Double-Bit Axe
14:46 Gold Mining
20:03 Castle Age
18:10 Horse Collar
21:06 Bow Saw
20:57 Heavy Plow
21:51 Town Watch
25:05 Gold Shaft Mining
Nacho091218
7:26 Loom
9:41 Feudal Age
11:25 Double-Bit Axe
16:11 Castle Age
19:05 Wheelbarrow
18:54 Horse Collar
24:02 Forging
25:43 Husbandry
Sosji6422
0:37 Loom
12:17 Feudal Age
19:51 Castle Age
18:18 Double-Bit Axe
18:25 Gold Mining
18:24 Horse Collar
19:08 Forging
21:03 Heavy Plow
23:20 Scale Barding Armor
25:06 Iron Casting
26:13 Husbandry
Namely
0:26 Loom
15:21 Feudal Age
16:22 Double-Bit Axe
20:27 Castle Age
22:27 Bow Saw
Havoc AD
0:28 Loom
11:31 Feudal Age
14:39 Wheelbarrow
16:48 Town Watch
16:53 Double-Bit Axe
Greenland Viking
0:28 Loom
12:55 Feudal Age
19:52 Castle Age
19:12 Man-at-Arms
20:04 Arson
Connection lost

Rejoining the realm…

Still unreachable

The connection could not be restored.

Session expired

The server has moved on; the page needs a fresh start.